 Dungeon Crawl Stone Soup version 0.21.0 (webtiles) character file.

221 mopl the Slasher (level 5, -5/30 HPs)
             Began as a Tengu Skald on Jan 7, 2018.
             Slain by an orc priest
             ... wielding a +0 flail
              (10 damage)
             ... on level 3 of the Dungeon.
             The game lasted 00:05:44 (2511 turns).

mopl the Slasher (Tengu Skald)                      Turns: 2511, Time: 00:05:45

Health: -5/30      AC:  4    Str: 11    XL:     5   Next: 98%
Magic:  9/9        EV: 14    Int: 13    God:
Gold:   120        SH:  0    Dex: 15    Spells: 3/8 levels left

rFire    . . .     SeeInvis .   b - +1 dagger (venom)
rCold    . . .     Gourm    .   (no shield)
rNeg     . . .     Faith    .   p - +0 leather armour
rPois    .         Spirit   .   (helmet restricted)
rElec    .         Reflect  .   (no cloak)
rCorr    .         Harm     .   j - +0 pair of gloves
MR       .....                  (boots unavailable)
Stlth    +.........             u - amulet of magic regeneration
HPRegen  0.10/turn              (no ring)
MPRegen  0.36/turn              (no ring)

@: flying quickly and evasively (expiring), quick
A: beak, talons 3, able to fly 1
a: no special abilities


You were on level 3 of the Dungeon.
You were hungry.

You visited 1 branch of the dungeon, and saw 3 of its levels.
You also visited: Sewer.

You collected 120 gold pieces.

Inventory:

Hand Weapons
 a - a +0 falchion
 b - a +1 dagger of venom (weapon)
Missiles
 l - 17 poisoned needles
 v - 2 tomahawks of returning (quivered)
 y - 7 needles of confusion
Armour
 j - a +0 pair of gloves (worn)
 p - a +0 leather armour (worn)
 t - a +0 ring mail
 x - a +0 buckler
Jewellery
 u - an amulet of magic regeneration (around neck)
Scrolls
 e - 2 scrolls of teleportation {unknown}
 m - a scroll of random uselessness {unknown}
 q - a scroll of noise {unknown}
 r - a scroll of magic mapping {unknown}
 s - a scroll of enchant weapon {unknown}
 w - a scroll of enchant armour {unknown}
Potions
 f - a potion of might
 g - 2 potions of magic
 h - 6 potions of curing {unknown}
 k - 2 potions of resistance {unknown}
 n - a potion of mutation {!q}
 o - 3 potions of flight
Books
 c - a book of Battle

   Spells                             Type                      Level
   a - Infusion                       Charms                       1
   b - Shroud of Golubria             Charms/Translocation         2
   c - Song of Slaying                Charms                       2
   d - Spectral Weapon                Hexes/Charms                 3
   e - Regeneration                   Charms/Necromancy            3
Comestibles
 d - 6 rations
 i - 2 chunks of flesh


   Skills:
 - Level 2.0 Fighting
 * Level 6.6 Long Blades
 - Level 1.1 Armour
 - Level 2.1 Dodging
 - Level 2.0 Spellcasting
 - Level 2.4 Charms


You had 3 spell levels left.
You knew the following spells:

 Your Spells              Type           Power        Failure   Level  Hunger
a - Infusion              Chrm           #...         12%         1    ##.....
b - Song of Slaying       Chrm           #.......     19%         2    ###....
f - Shroud of Golubria    Chrm/Tloc      #.........   30%         2    ###....


Dungeon Overview and Level Annotations

Branches:
Dungeon (3/15)

Altars:
Sif Muna


Innate Abilities, Weirdness & Mutations

You have a beak for a mouth.
You have claws for feet.
You can fly.


Message History

The orc priest misses you.
You barely miss the orc priest. Your peck misses the orc priest.
The orc priest is moderately wounded.
The orc priest completely misses you.
You closely miss the orc priest.
The orc priest is moderately wounded.
You hit the orc priest but do no damage.
The orc priest is poisoned.
You claw the orc priest.
The orc priest is moderately wounded.
The orc priest hits you with a flail.
You closely miss the orc priest. Your kick misses the orc priest.
The orc priest is heavily wounded.
The orc priest calls down the wrath of Beogh upon you.
Beogh smites you!
* * * LOW HITPOINT WARNING * * *
You hit the orc priest.
The orc priest looks as sick as possible!
The orc priest is severely wounded.
The orc priest hits you with a flail!
You die...

### #.#
#.#####################
#......................
#.#################....
#.##...$...o.......####
#.##.#############.....
#.##.#####.#######..###
#....o@..#..........#
#..#.###.#.########.##
#..#..##.#...........##
#[.#..##.#..##.........
#..#...>.......#...#...
...#.....#.....≈≈≈≈≈...
........###.#.#≈≈≈≈≈≈≈#.
.♣..♣...# #...≈≈≈≈≈≈≈≈..
♣ ♣♣..# #....≈≈≈.≈≈≈..


You could see an orc priest.

Vanquished Creatures
  A big kobold (Sewer)
  Robin (D:3)
  A river rat (Sewer)
  4 adders
  2 worms
  3 dart slugs
  An orc (D:3)
  3 ball pythons
  4 bats
  6 giant cockroaches (D:1)
  11 goblins
  10 hobgoblins
  9 jackals
  10 kobolds
  3 frilled lizards
  10 rats
79 creatures vanquished.

Notes
Turn   | Place    | Note
-------+----------+-------------------------------------------
     0 | D:1      | mopl the Tengu Skald began the quest for the Orb.
     0 | D:1      | Reached XP level 1. HP: 12/12 MP: 4/4
   107 | D:1      | Reached XP level 2. HP: 13/17 MP: 0/6
   111 | D:1      | Learned a level 2 spell: Song of Slaying
   113 | D:1      | Reached skill level 3 in Long Blades
   117 | D:1      | Learned a level 2 spell: Shroud of Golubria
   417 | D:1      | Reached XP level 3. HP: 15/21 MP: 3/7
   756 | D:2      | Reached skill level 4 in Long Blades
  1049 | D:2      | Reached XP level 4. HP: 17/26 MP: 4/8
  1346 | D:2      | Reached skill level 5 in Long Blades
  1955 | D:3      | Noticed Robin
  1973 | D:3      | Killed Robin
  2045 | D:3      | Gained mutation: You can fly. [Tengu growth]
  2045 | D:3      | Reached XP level 5. HP: 29/30 MP: 4/9
  2190 | D:3      | Found a faded altar of an unknown god.
  2194 | D:3      | Became a worshipper of Sif Muna the Loreminder
  2194 | D:3      | Reached * piety under Sif Muna
  2210 | D:3      | Fell from the grace of Sif Muna
  2224 | D:3      | Found a glowing drain.
  2235 | Sewer    | Entered a sewer
  2293 | Sewer    | Noticed a big kobold
  2314 | Sewer    | Killed a big kobold
  2314 | Sewer    | Reached skill level 6 in Long Blades
  2350 | Sewer    | Found a white marble altar of Elyvilon.
  2511 | D:3      | Slain by an orc priest

Skill      XL: |  1  2  3  4  5 |
---------------+----------------+-----
Long Blades    | 3 4 5 6 |  6.6
Fighting       | |  2.0
Armour         | |  1.1
Dodging        | |  2.1
Spellcasting   | |  2.0
Charms         | |  2.4

Action                   |  1- 3 |  4- 6 || total
-------------------------+-------+-------++-------
Melee: Falchion          |    65 |    77 ||   142
       Kick              |    15 |    26 ||    41
       Peck              |     7 |    11 ||    18
       Dagger            |       |    28 ||    28
 Cast: Infusion          |    14 |    12 ||    26
       Shroud of Golubri |       |     3 ||     3
       Song of Slaying   |       |     1 ||     1
Invok: Renounce Religion |       |     1 ||     1
 Abil: Fly               |       |     3 ||     3
  Use: Scroll            |       |     3 ||     3
       Potion            |       |     1 ||     1
 Stab: Sleeping          |     1 |       ||     1
  Eat: Chunk             |     1 |     5 ||     6
Armor: Leather armour    |    14 |    16 ||    30
Dodge: Dodged            |    32 |    61 ||    93
       Rpst.: Falchion   |     9 |    16 ||    25
